 Dungeon Crawl Stone Soup version 0.24.0-13-gcf9b319 (webtiles) character file.

Game seed: 14316618315614586410, levelgen mode: deterministic

33 Bronimir the Stinger (level 3, -2/24 HPs)
             Began as a Formicid Venom Mage on Mar 24, 2020.
             Slain by a hound (3 damage)
             ... on level 2 of the Dungeon.
             The game lasted 00:03:52 (1439 turns).

Bronimir the Stinger (Formicid Venom Mage)          Turns: 1439, Time: 00:03:53

Health: -2/24      AC:  2    Str: 13    XL:     3   Next: 47%
Magic:  0/6        EV: 12    Int: 14    God:
Gold:   84         SH:  0    Dex: 11    Spells: 3/6 levels left

rFire    . . .     SeeInvis +   a - +0 hand axe
rCold    . . .     Gourm    .   (no shield)
rNeg     . . .     Faith    .   j - +0 robe
rPois    .         Spirit   .   (helmet unavailable)
rElec    .         Reflect  .   (no cloak)
rCorr    .         Harm     .   (no gloves)
MR       .....                  (no boots)
Stlth    ++........             (no amulet)
HPRegen  0.08/turn              (no ring)
MPRegen  0.10/turn              (no ring)

@: no status effects
A: permanent stasis, dig shafts and tunnels, four strong arms, antennae 3
a: Dig, Shaft Self


You were on level 2 of the Dungeon.
You were not hungry.

You visited 1 branch of the dungeon, and saw 2 of its levels.

You collected 84 gold pieces.

Inventory:

Hand Weapons
 a - a +0 hand axe (weapon)
 e - a +0 club
Missiles
 b - 42 sling bullets
 d - 66 bolts
 i - 5 poisoned darts (quivered)
Armour
 j - a +0 robe (worn)
 l - a +0 large shield
Scrolls
 g - a scroll of fog {unknown}
 k - a scroll of identify {unknown}
Potions
 h - a potion of might {unknown}
 m - a potion of brilliance {unknown}
Comestibles
 c - 7 rations


   Skills:
 + Level 0.1 Maces & Flails
 * Level 1.1 Armour
 + Level 1.8 Dodging
 - Level 2.6 Stealth
 * Level 0.4 Shields
 + Level 2.3 Spellcasting
 * Level 1.3 Conjurations
 * Level 4.7 Poison Magic


You had 3 spell levels left.
You knew the following spells:

 Your Spells              Type           Power        Failure   Level  Hunger
a - Sting                 Conj/Pois      ##..         7%          1    #......
b - Poisonous Vapours     Pois/Air       #.....       13%         2    ###....

Your spell library contained the following spells:

 Spells                   Type           Power        Failure   Level  Hunger
 Mephitic Cloud           Conj/Pois/Air  #.......     30%         3    ###....
 Olgreb's Toxic Radiance  Pois           ##......     32%         4    #####..
 Venom Bolt               Conj/Pois      ##........   88%         5    ######.


Dungeon Overview and Level Annotations

Branches:
Dungeon (2/15)

Altars:


Innate Abilities, Weirdness & Mutations

You cannot be hasted, slowed, berserked, paralysed or teleported.
You can dig through walls and to a lower floor.
Your four strong arms can wield two-handed weapons with a shield.
You have a pair of large antennae on your head. (SInv)


Message History

Casting: Sting (safe; 7% risk of failure)
Confirm with . or Enter, or press ? or * to list all spells.
Aiming: Sting (safe; 7% risk of failure)
Press: ? - help, Shift-Dir - straight line, f/p - hound
Aim: a hound (almost dead, poisoned)
The sting misses the hound.
The hound bites you but does no damage. The hobgoblin hits you.
* * * LOW HITPOINT WARNING * * *
The hound bites you but does no damage.
Casting: Sting (safe; 7% risk of failure)
Confirm with . or Enter, or press ? or * to list all spells.
You don't have enough magic to cast that spell.
Casting: Sting (safe; 7% risk of failure)
Confirm with . or Enter, or press ? or * to list all spells.
Aiming: Sting (safe; 7% risk of failure)
Press: ? - help, Shift-Dir - straight line, f - hobgoblin, p - hound
Aim: a hobgoblin The sting hits the hobgoblin but does no damage.
The hound bites you.
You die...

###.# #.# ..#.# #.#
#.########.#.# #.#
.........#.#.# #.#
#.######...#†#####.#
....###.........#
.......<#.#####.#############
###.#......g.................
#.#.#..h@................
#.#.#.###################
#.#.#...# # # #.#.#.# .
#.#.#.# # #.#.#.#.#### #.###
#>.†.......+ .....
#.#.#.#.#### #.### #.#.#.# #


You could see a hound and a hobgoblin.

Vanquished Creatures
  An adder (D:2)
  A dart slug (D:2)
  A leopard gecko (D:1)
  4 bats
  3 goblins
  3 hobgoblins (D:1)
  2 jackals (D:1)
  2 kobolds (D:1)
  A frilled lizard (D:1)
  2 rats (D:1)
20 creatures vanquished.

Notes
Turn   | Place    | Note
-------+----------+-------------------------------------------
     0 | D:1      | Bronimir the Formicid Venom Mage began the quest for the
                  | Orb.
     0 | D:1      | Reached XP level 1. HP: 13/13 MP: 3/3
   261 | D:1      | Reached XP level 2. HP: 8/19 MP: 0/5
   456 | D:1      | Reached skill level 1 in Conjurations
   569 | D:1      | Learned a level 2 spell: Poisonous Vapours
  1290 | D:2      | Reached XP level 3. HP: 23/24 MP: 6/6
  1345 | D:2      | Reached skill level 1 in Armour
  1438 | D:2      | HP: 1/24 [hobgoblin (3)]
  1439 | D:2      | Slain by a hound

Levels and vault maps discovered:
D:1:      lightli_arrival_windingriver, layout_loops_corners
D:2:      layout_basic

Skill      XL: |  1  2  3 |
---------------+----------+-----
Conjurations   | 1 |  1.3
Armour         | 1 |  1.1
Maces & Flails | |  0.1
Dodging        | |  1.8
Stealth        | |  2.6
Shields        | |  0.4
Spellcasting   | |  2.3
Poison Magic   | |  4.7

Action                   || total
-------------------------++-------
Melee: Club              ||    21
       Unarmed           ||     4
       Hand axe          ||    26
 Cast: Sting             ||    26
       Poisonous Vapours ||     2
  Eat: Chunk             ||     2
Armor: Robe              ||    16
Dodge: Dodged            ||    65
